[Event "26th Hit Open-A 2022"]
[Site "Nova Gorica"]
[Date "2022.09.15"]
[Round "1.44"]
[White "Oestmann, Lukas"]
[Black "Both, Aaron"]
[Result "1/2-1/2"]
[ECO "B42"]
[WhiteElo "1620"]
[BlackElo "1963"]
[Annotator "TA"]
[PlyCount "95"]
[EventDate "2022.09.16"]
[EventType "swiss"]
[EventCountry "SLO"]
[SourceTitle "playchess.com"]
[Source "ChessBase"]
[SourceQuality "1"]
[TimeControl "5400+30"]

1. e4 c5 2. Nf3 e6 3. d4 cxd4 4. Nxd4 a6 5. Bd3 Nf6 6. O-O Qc7 7. Qe2 d6 8. c4 g6 9. b3 Bg7 10. Bb2 O-O 11. Kh1 {[%emt 0:07:24] B42: Sicilian: Kan Variation: 5 Bd3.} Nc6 12. Nxc6 bxc6 13. f4 {[%emt 0:02:11][%cal Oc4c5] [#] White is slightly better.} d5 $146 (13... c5 $11) ({Predecessor:} 13... e5 14. c5 Nh5 15. f5 Rd8 16. cxd6 Qxd6 17. Bc4 Nf4 18. Qc2 gxf5 19. exf5 Bb7 {0-1 (42) Jaeger,F (2020)-Romsdal,T Tromsoe 1997}) 14. Be5 (14. e5 $5 Nd7 15. Nc3 $14) 14... Qa7 15. Nd2 Bb7 16. Bd6 Nxe4 (16... dxe4 $11 17. Nxe4 Nxe4 18. Bxe4 (18. Bxf8 $2 Nc3 $19) 18... Bxa1 19. Bxf8 Rxf8 20. Rxa1 Rd8) 17. Bxe4 $16 (17. Nxe4 $6 Bxa1 18. Bc5 (18. Bxf8 dxe4 19. Bxe4 Rxf8 $11) 18... Qb8 $11) (17. Bxf8 $6 Nc3 18. Qe1 Rxf8 $11) 17... Bxa1 (17... Rfd8 $16) 18. Rxa1 $18 ({Stronger than} 18. Bxf8 Bd4 $11) 18... dxe4 19. Nxe4 ({Less strong is} 19. Bxf8 e3 $16) 19... f6 20. Bxf8 Rxf8 21. Nd6 e5 22. fxe5 fxe5 23. Qxe5 Qf2 (23... Ba8 $142 24. c5 Qg7 25. Qe6+ Kh8) 24. Qe1 ({Weaker is} 24. Qe6+ Kh8 25. Qe5+ Kg8 $18) (24. h3 $142) 24... Qxe1+ 25. Rxe1 {[%emt 0:00:03][%mdl 4096] Endgame KRB-KRN} Bc8 26. Re8 ({White should play} 26. h3 $18) 26... Bd7 {[%emt 0:05:41] [#]} (26... Rxe8 $16 {was necessary.} 27. Nxe8 Bf5) 27. Rxf8+ $1 Kxf8 {[%emt 0:00:06] KB-KN} 28. Kg1 Ke7 29. Ne4 Bf5 30. Nc3 (30. Nc5 $16) 30... Kd6 $11 31. Kf2 Kc5 32. Ke3 {[%emt 0:00:22] [#] aiming for a3.} Kb4 33. Kd2 Ka3 (33... a5 $11) 34. Kc1 (34. Ne2 $14) 34... h5 {[%emt 0:00:49] The position is equal.} 35. g3 a5 36. h4 Bd3 37. Kd2 Bf5 38. Kc1 Bh3 39. Kd2 Kb2 40. Na4+ Kxa2 41. Kc3 Ka3 42. Nc5 Bf5 43. Nb7 a4 44. bxa4 Kxa4 45. Kd4 {[%emt 0:00:28] Threatens to win with Nd8.} Kb4 46. c5 Bh3 47. Nd8 Kb5 48. Nf7 {[%emt 0:01:07] Blacks defense is rewarded with a draw.  Weighted Error Value: White=0.31/Black=0.31} 1/2-1/2

[Event "26th Hit Open-A 2022"]
[Site "Nova Gorica"]
[Date "2022.09.15"]
[Round "1.45"]
[White "Goroshkova, Liudmila"]
[Black "Petrovcic, Cvetko"]
[Result "1-0"]
[ECO "C42"]
[WhiteElo "1961"]
[BlackElo "1602"]
[Annotator "TA"]
[PlyCount "71"]
[EventDate "2022.09.16"]
[EventType "swiss"]
[EventCountry "SLO"]
[SourceTitle "playchess.com"]
[Source "ChessBase"]
[SourceQuality "1"]
[TimeControl "5400+30"]

1. e4 e5 2. Nf3 Nf6 3. Nxe5 Nc6 4. Nxc6 dxc6 5. d3 Bc5 {[%emt 0:01:21] aiming for ...Ng4.} 6. Be2 {[%emt 0:01:22] Against Ng4. C42: Petroff Defence: 3 Nxe5 and unusual White 3rd moves.} Qd4 {[%emt 0:02:17] [#]} (6... Ng4 $16 7. Bxg4 Qh4) 7. O-O $1 $18 h5 8. c3 {[%emt 0:00:36] [#] White is clearly better.} Qd7 $146 (8... Qd6 $2 9. d4 Ng4 10. e5 Nxe5 11. Re1 $18) ({Predecessor:} 8... Qd8 9. d4 Be7 10. e5 Nd5 11. Bxh5 Bf5 12. Qe2 Qd7 13. Re1 g6 14. Bf3 O-O-O 15. a3 Rh7 16. c4 Nb6 17. a4 Qxd4 18. Be3 Qxe5 19. Bxb6 Qxh2+ {0-1 (19) Szoukup,I (1474)-Alotaibi,K (1440) Budapest 2019}) 9. d4 Bb6 10. Nd2 Qe7 11. Re1 Bg4 12. f3 Bd7 13. Nc4 O-O-O (13... Be6 {was worth a try.} 14. Bg5 Qf8) 14. a4 a6 15. Nxb6+ cxb6 16. Qb3 Ng4 (16... Be6 $142 17. Qxb6 h4) 17. fxg4 hxg4 18. Bxa6 Rxh2 (18... bxa6 $142 19. Qxb6 Be8 20. Qxa6+ Qb7) 19. Bf4 ({Stronger than} 19. Kxh2 Qh4+ 20. Kg1 Qxe1+ 21. Bf1 Qh4 $11) 19... Qh4 20. Bxh2 g3 {[%emt 0:01:10] [#]} 21. Bxg3 Qxg3 {[%emt 0:00:02] [#]} 22. Bxb7+ $1 Kxb7 23. a5 b5 24. a6+ Ka8 25. Qxf7 {[%emt 0:08:10] Strongly threatening e5.} Rh8 26. Qf3 Qh2+ 27. Kf1 Rh3 28. Qf8+ Ka7 29. Qf7 Qc7 30. Qf2 Rh6 31. e5 {[%emt 0:01:43] Prevents Rf6.} Be6 32. d5+ Ka8 33. dxe6 {[%emt 0:02:53] White mates.} Rh1+ 34. Ke2 Qxe5+ 35. Kd2 Qd5+ 36. Kc2 {[%emt 0:00:14] Black got outplayed after the opening.  Weighted Error Value: White=1.00/Black=0.50} 1-0

[Event "26th Hit Open-A 2022"]
[Site "Nova Gorica"]
[Date "2022.09.15"]
[Round "1.46"]
[White "Juvan, Vid"]
[Black "Pirs, Matjaz"]
[Result "0-1"]
[ECO "B01"]
[WhiteElo "1564"]
[BlackElo "2203"]
[Annotator "ChessBase"]
[PlyCount "70"]
[EventDate "2022.09.16"]
[EventType "swiss"]
[EventCountry "SLO"]
[SourceTitle "playchess.com"]
[Source "ChessBase"]
[SourceQuality "1"]
[TimeControl "5400+30"]

1. e4 d5 2. exd5 Nf6 3. d4 Nxd5 4. Nf3 Nb6 5. Be2 Bf5 6. c4 e6 7. O-O Be7 8. Nc3 O-O 9. Bf4 Bd6 10. Bg5 Be7 11. Bf4 Nc6 12. Qb3 g5 13. Bg3 g4 14. Ne5 Nxd4 15. Qd1 h5 16. Bxg4 hxg4 17. Nxg4 Bg6 18. Ne5 Nf5 19. Nxg6 fxg6 20. Qg4 Kf7 21. Be5 Bd6 22. Rad1 Qe7 23. Bd4 c5 24. Be3 Rh8 25. h3 Qh4 26. Qf3 Rad8 27. Ne4 Be7 28. Rxd8 Rxd8 29. g4 Nxc4 30. gxf5 gxf5 31. Nxc5 Rg8+ 32. Kh1 Ne5 33. Qf4 Qxh3+ 34. Qh2 Qxh2+ 35. Kxh2 Ng4+ 0-1

[Event "26th Hit Open-A 2022"]
[Site "Nova Gorica"]
[Date "2022.09.15"]
[Round "1.47"]
[White "Labrovic, Jakov"]
[Black "Guid, Taja"]
[Result "1-0"]
[ECO "B44"]
[WhiteElo "1882"]
[BlackElo "1511"]
[Annotator "NA COMBH"]
[PlyCount "73"]
[EventDate "2022.09.16"]
[EventType "swiss"]
[EventCountry "SLO"]
[SourceTitle "playchess.com"]
[Source "ChessBase"]
[SourceQuality "1"]
[TimeControl "5400+30"]

1. e4 c5 2. Nf3 e6 3. d4 cxd4 4. Nxd4 Nc6 5. Bc4 Qc7 6. Nb5 Qb8 7. Be3 a6 8. Nd4 Nf6 9. Nd2 Be7 10. Qe2 b5 11. Nxc6 dxc6 12. Bd3 O-O 13. Nb3 Nd7 14. c3 c5 15. Bc2 Qc7 16. f4 Bb7 17. h4 e5 18. f5 c4 19. Nd2 Bc5 20. g4 Bxe3 21. Qxe3 Qc5 22. Qxc5 Nxc5 23. Ke2 Rad8 24. b4 Nd3 25. Ke3 Rd7 26. Rh2 Rfd8 27. g5 Kf8 28. h5 Ke7 29. Nf3 f6 30. h6 Kf7 31. hxg7 Kxg7 32. Rah1 Rh8 33. Rh6 fxg5 34. Nxg5 Kg8 35. Ne6 Nb2 36. Rf6 Rg7 37. Rf8# 1-0

[Event "26th Hit Open-A 2022"]
[Site "Nova Gorica"]
[Date "2022.09.17"]
[Round "2.1"]
[White "Royal, Shreyas"]
[Black "Thybo, Jesper Sondergaard"]
[Result "1-0"]
[ECO "E61"]
[WhiteElo "2412"]
[BlackElo "2516"]
[Annotator "ChessBase"]
[PlyCount "89"]
[EventDate "2022.09.16"]
[EventType "swiss"]
[EventCountry "SLO"]
[SourceTitle "playchess.com"]
[Source "ChessBase"]
[SourceQuality "1"]
[TimeControl "5400+30"]

1. d4 Nf6 2. c4 g6 3. Nf3 Bg7 4. e3 O-O 5. Be2 d6 6. Nc3 Bf5 7. Nd2 e5 8. d5 a5 9. e4 Bd7 10. Nf1 Na6 11. g4 c6 12. Ng3 cxd5 13. exd5 Nc5 14. Be3 a4 15. Rc1 Qa5 16. O-O Ne8 17. Qd2 f5 18. gxf5 Bxf5 19. Nxf5 gxf5 20. f4 e4 21. Kh1 Kh8 22. Rg1 Bf6 23. Bd4 Qd8 24. Nb5 Bxd4 25. Nxd4 Qf6 26. Rg5 Ng7 27. Rcg1 Rf7 28. Qe3 Raf8 29. b4 axb3 30. axb3 Ra8 31. b4 Nd7 32. Bf1 Ra1 33. Ne6 Rxf1 34. Rxf1 Nxe6 35. dxe6 Qxe6 36. Rfg1 Nf6 37. c5 d5 38. Qg3 Rd7 39. Rg7 d4 40. Qg5 Ng4 41. Rxd7 Qxd7 42. h3 h6 43. Qg6 e3 44. hxg4 e2 45. Qxh6+ 1-0

[Event "26th Hit Open-A 2022"]
[Site "Nova Gorica"]
[Date "2022.09.17"]
[Round "2.2"]
[White "Seo, Jung Min"]
[Black "Holtel, Jasper"]
[Result "1-0"]
[ECO "B92"]
[WhiteElo "2516"]
[BlackElo "2406"]
[Annotator "ChessBase"]
[PlyCount "101"]
[EventDate "2022.09.16"]
[EventType "swiss"]
[EventCountry "SLO"]
[SourceTitle "playchess.com"]
[Source "ChessBase"]
[SourceQuality "1"]
[TimeControl "5400+30"]

1. e4 c5 2. Nc3 d6 3. Nge2 Nf6 4. d4 cxd4 5. Nxd4 a6 6. Be2 e5 7. Nb3 Be7 8. O-O O-O 9. a4 Nc6 10. Bf3 Nb4 11. Re1 Be6 12. Nd5 Nfxd5 13. exd5 Bf5 14. Be4 Bxe4 15. Rxe4 a5 16. c3 Na6 17. f4 Bf6 18. Be3 Re8 19. Qd3 exf4 20. Rxe8+ Qxe8 21. Bxf4 Be5 22. Be3 Qd8 23. Bf2 b6 24. Nd2 Nc5 25. Qb5 Rb8 26. Nc4 Nd3 27. Bxb6 Qh4 28. Nxe5 Nxe5 29. Qxa5 h5 30. Qa7 Re8 31. Bf2 Qc4 32. Qe3 Qb3 33. Qe2 Qxd5 34. a5 Qa8 35. a6 Ng4 36. Qd2 d5 37. h3 Nf6 38. a7 Qb7 39. b4 Ne4 40. Qd4 Ra8 41. Ra3 Kh7 42. Ra5 Nf6 43. Qb6 Qc8 44. Bd4 Qf5 45. Bxf6 gxf6 46. Qf2 Qe5 47. Qd4 Qe1+ 48. Kh2 h4 49. Qxf6 Rg8 50. Qxf7+ Kh6 51. Ra6+ 1-0

[Event "26th Hit Open-A 2022"]
[Site "Nova Gorica"]
[Date "2022.09.17"]
[Round "2.3"]
[White "Willow, Jonah B"]
[Black "Diermair, Andreas"]
[Result "1-0"]
[ECO "C49"]
[WhiteElo "2385"]
[BlackElo "2468"]
[Annotator "ChessBase"]
[PlyCount "127"]
[EventDate "2022.09.16"]
[EventType "swiss"]
[EventCountry "SLO"]
[SourceTitle "playchess.com"]
[Source "ChessBase"]
[SourceQuality "1"]
[TimeControl "5400+30"]

1. e4 e5 2. Nf3 Nc6 3. Nc3 Nf6 4. Bb5 Bb4 5. O-O O-O 6. d3 Bxc3 7. bxc3 d6 8. Bg5 Qe7 9. Re1 a6 10. Ba4 Nd8 11. d4 Ne6 12. Bd2 c5 13. Bb3 Nc7 14. Bg5 Rd8 15. a4 Ne6 16. Bxe6 Bxe6 17. d5 Bd7 18. a5 h6 19. Bxf6 Qxf6 20. Nd2 Rac8 21. c4 Rc7 22. Rb1 Bc8 23. Re3 Qh4 24. Rb6 f5 25. Nf3 Qh5 26. exf5 Bxf5 27. Qb1 Qg4 28. Qb3 Bc8 29. h3 Qh5 30. Qb1 Rf7 31. Nd2 Rf4 32. Ne4 Qg6 33. Nxc5 Rxc4 34. Nxb7 Rd7 35. Rg3 Qf6 36. Qb3 Rd4 37. Rf3 Qe7 38. Nc5 e4 39. Rf5 Rd8 40. Ne6 Rd1+ 41. Kh2 Re8 42. Rb8 Kh7 43. Rf4 Bxe6 44. Rxe8 Qg5 45. Qg3 Bxd5 46. Qxg5 hxg5 47. Rf5 Kg6 48. Rff8 Rd2 49. c4 Bxc4 50. Rxe4 Bd5 51. Re7 Bc4 52. Kg3 Rd3+ 53. Rf3 Rd1 54. Rd7 Bb5 55. Rc7 d5 56. Rff7 d4 57. Rxg7+ Kf6 58. Rcf7+ Ke6 59. Rf8 d3 60. Rxg5 d2 61. Rd8 Bd7 62. Rg7 Bc6 63. Rg6+ Ke7 64. Rgd6 1-0

[Event "26th Hit Open-A 2022"]
[Site "Nova Gorica"]
[Date "2022.09.17"]
[Round "2.4"]
[White "Pavlovic, Milos"]
[Black "Tisaj, Domen"]
[Result "1/2-1/2"]
[ECO "E05"]
[WhiteElo "2468"]
[BlackElo "2325"]
[Annotator "ChessBase"]
[PlyCount "85"]
[EventDate "2022.09.16"]
[EventType "swiss"]
[EventCountry "SLO"]
[SourceTitle "playchess.com"]
[Source "ChessBase"]
[SourceQuality "1"]
[TimeControl "5400+30"]

1. d4 Nf6 2. Nf3 e6 3. g3 d5 4. Bg2 Be7 5. O-O O-O 6. c4 dxc4 7. Qc2 a6 8. a4 Bd7 9. Qxc4 Bc6 10. Bg5 Bd5 11. Qc2 Be4 12. Qd1 c5 13. dxc5 Bxc5 14. Nbd2 Bc6 15. Nb3 Bb4 16. Ne5 Bxg2 17. Qxd8 Rxd8 18. Kxg2 Nbd7 19. Nxd7 Rxd7 20. Rfd1 Rad8 21. Rxd7 Rxd7 22. Rc1 h6 23. Rc8+ Kh7 24. Bxf6 gxf6 25. Nc1 Kg7 26. Nd3 Bd6 27. f4 Bf8 28. Kf3 Rd5 29. Rb8 Rd7 30. g4 Bd6 31. Rc8 Kg6 32. h3 Kg7 33. Nf2 h5 34. Ne4 hxg4+ 35. hxg4 Be7 36. b3 Kg6 37. Ng3 f5 38. gxf5+ exf5 39. Rg8+ Kh7 40. Re8 Kg6 41. Rg8+ Kh7 42. Rc8 Kg6 43. Rg8+ 1/2-1/2

[Event "26th Hit Open-A 2022"]
[Site "Nova Gorica"]
[Date "2022.09.17"]
[Round "2.5"]
[White "Drazic, Sinisa"]
[Black "Stefansson, Vignir Vatnar"]
[Result "0-1"]
[ECO "B50"]
[WhiteElo "2327"]
[BlackElo "2452"]
[Annotator "ChessBase"]
[PlyCount "90"]
[EventDate "2022.09.16"]
[EventType "swiss"]
[EventCountry "SLO"]
[SourceTitle "playchess.com"]
[Source "ChessBase"]
[SourceQuality "1"]
[TimeControl "5400+30"]

1. e4 c5 2. Nf3 d6 3. c3 Nf6 4. Bd3 Nc6 5. Bc2 Bg4 6. d3 e6 7. Nbd2 Be7 8. h3 Bh5 9. g4 Bg6 10. h4 h5 11. g5 Nd7 12. Nf1 d5 13. Bf4 Qb6 14. exd5 exd5 15. Ne3 Qxb2 16. Nxd5 O-O 17. Rb1 Qa3 18. Rxb7 Rad8 19. O-O Qa6 20. Rc7 Nb6 21. Nxe7+ Nxe7 22. Rxc5 Bxd3 23. Re1 Ng6 24. Bc7 Bxc2 25. Qxc2 Rd7 26. Qf5 Qxa2 27. Ra5 Qc4 28. Rxa7 Rxc7 29. Rxc7 Qxc7 30. Re3 Rd8 31. Nd4 Nd5 32. Rd3 Qf4 33. Rf3 Qxf5 34. Nxf5 Ne5 35. Rg3 g6 36. Nh6+ Kg7 37. Kh2 Rc8 38. f4 Nxf4 39. Re3 Nfd3 40. Re2 Rxc3 41. Ra2 Nf4 42. Ra4 Rh3+ 43. Kg1 Rxh4 44. Ra8 Nh3+ 45. Kg2 Nxg5 0-1

[Event "26th Hit Open-A 2022"]
[Site "Nova Gorica"]
[Date "2022.09.17"]
[Round "2.6"]
[White "Kaasen, Tor Fredrik"]
[Black "Guid, Matej"]
[Result "1/2-1/2"]
[ECO "C10"]
[WhiteElo "2442"]
[BlackElo "2292"]
[Annotator "ChessBase"]
[PlyCount "94"]
[EventDate "2022.09.16"]
[EventType "swiss"]
[EventCountry "SLO"]
[SourceTitle "playchess.com"]
[Source "ChessBase"]
[SourceQuality "1"]
[TimeControl "5400+30"]

1. e4 e6 2. d4 d5 3. Nc3 dxe4 4. Nxe4 Nd7 5. Nf3 Ngf6 6. Nxf6+ Nxf6 7. Be3 Bd6 8. Bd3 b6 9. Qe2 Bb7 10. O-O-O O-O 11. Kb1 c5 12. Bg5 h6 13. Bh4 Rc8 14. Rhe1 Bxf3 15. Qxf3 c4 16. Be4 g5 17. Bg3 Bxg3 18. hxg3 Kg7 19. Qe3 c3 20. f4 Qd6 21. bxc3 Nxe4 22. Qxe4 Rxc3 23. fxg5 hxg5 24. d5 exd5 25. Rxd5 Qf6 26. Rf5 Re8 27. Rxg5+ Qxg5 28. Qxe8 Rc5 29. Qe3 Qf6 30. Qd3 a6 31. c4 b5 32. Rf1 bxc4 33. Qh7+ Kxh7 34. Rxf6 Rb5+ 35. Kc1 Ra5 36. Rxf7+ Kg6 37. Rf2 Ra3 38. Kb2 Rxg3 39. Rc2 Kf5 40. Rxc4 Rxg2+ 41. Kb3 Rg6 42. Kb4 Ke5 43. Ka5 Kd5 44. Rc8 Rc6 45. Rh8 Kd6 46. Rh6+ Kc7 47. Rxc6+ Kxc6 1/2-1/2

[Event "26th Hit Open-A 2022"]
[Site "Nova Gorica"]
[Date "2022.09.17"]
[Round "2.7"]
[White "Van Dael, Siem"]
[Black "Ghazarian, Kirk"]
[Result "1/2-1/2"]
[ECO "B90"]
[WhiteElo "2316"]
[BlackElo "2440"]
[Annotator "ChessBase"]
[PlyCount "84"]
[EventDate "2022.09.16"]
[EventType "swiss"]
[EventCountry "SLO"]
[SourceTitle "playchess.com"]
[Source "ChessBase"]
[SourceQuality "1"]
[TimeControl "5400+30"]

1. e4 c5 2. Nf3 d6 3. d4 cxd4 4. Nxd4 Nf6 5. Nc3 a6 6. Be3 e5 7. Nb3 Be7 8. f3 Be6 9. Qd2 h5 10. O-O-O Nbd7 11. Kb1 Rc8 12. f4 b5 13. Bd3 Nb6 14. Bxb6 Qxb6 15. Nd5 Bxd5 16. exd5 O-O 17. Rhe1 Qc7 18. Bf5 Rcd8 19. Qa5 Qc4 20. g3 Nxd5 21. Bd3 Qc8 22. a4 Nc7 23. fxe5 dxe5 24. Rxe5 Qg4 25. Rf1 Bd6 26. Re4 Qd7 27. Nd4 g6 28. Qd2 Rfe8 29. Rxe8+ Rxe8 30. axb5 axb5 31. Qg5 Be5 32. Nf5 Bg7 33. Nxg7 Kxg7 34. h4 Qd6 35. Bxb5 Re5 36. Qf4 Nxb5 37. Qxf7+ Kh6 38. Qg8 Nc3+ 39. Kc1 Ne2+ 40. Kb1 Nc3+ 41. Kc1 Ne2+ 42. Kb1 Nc3+ 1/2-1/2

[Event "26th Hit Open-A 2022"]
[Site "Nova Gorica"]
[Date "2022.09.17"]
[Round "2.8"]
[White "Wadsworth, Matthew J"]
[Black "Herega, Nejc"]
[Result "1-0"]
[ECO "D77"]
[WhiteElo "2423"]
[BlackElo "2146"]
[Annotator "ChessBase"]
[PlyCount "47"]
[EventDate "2022.09.16"]
[EventType "swiss"]
[EventCountry "SLO"]
[SourceTitle "playchess.com"]
[Source "ChessBase"]
[SourceQuality "1"]
[TimeControl "5400+30"]

1. c4 Nf6 2. Nf3 g6 3. g3 Bg7 4. Bg2 d5 5. d4 O-O 6. O-O dxc4 7. Na3 c3 8. bxc3 c5 9. Ne5 Nfd7 10. Nac4 Nxe5 11. Nxe5 cxd4 12. cxd4 Nc6 13. Nxc6 bxc6 14. e3 Qd6 15. Qa4 Bd7 16. Ba3 Qe6 17. Bc5 Rfb8 18. Rab1 Bh6 19. Rxb8+ Rxb8 20. Qxa7 Rb5 21. a4 Rb3 22. Qa8+ Kg7 23. d5 cxd5 24. Bd4+ 1-0

[Event "26th Hit Open-A 2022"]
[Site "Nova Gorica"]
[Date "2022.09.17"]
[Round "2.9"]
[White "Gschiel, Alexander"]
[Black "Beliavsky, Alexander G"]
[Result "1/2-1/2"]
[ECO "D18"]
[WhiteElo "2196"]
[BlackElo "2505"]
[Annotator "ChessBase"]
[PlyCount "73"]
[EventDate "2022.09.16"]
[EventType "swiss"]
[EventCountry "SLO"]
[SourceTitle "playchess.com"]
[Source "ChessBase"]
[SourceQuality "1"]
[TimeControl "5400+30"]

1. d4 d5 2. c4 c6 3. Nf3 Nf6 4. Nc3 dxc4 5. a4 Bf5 6. e3 e6 7. Bxc4 Bb4 8. O-O Nbd7 9. h3 O-O 10. Nh4 Bg6 11. Nxg6 hxg6 12. Qc2 Rc8 13. Rd1 Qe7 14. b3 e5 15. dxe5 Nxe5 16. Be2 g5 17. Ne4 Nxe4 18. Qxe4 f5 19. Qc2 a5 20. Bb2 Rce8 21. Rac1 Ba3 22. Bc4+ Kh7 23. Bxa3 Qxa3 24. Qe2 Kh6 25. Qd2 Nxc4 26. Rxc4 Rd8 27. Qc2 Rxd1+ 28. Qxd1 Qb2 29. Rd4 f4 30. Rd6+ g6 31. Qd3 Rf6 32. Rd8 Qa1+ 33. Kh2 Qe5 34. e4 f3+ 35. g3 Qb2 36. Qd4 Qxd4 37. Rxd4 1/2-1/2

[Event "26th Hit Open-A 2022"]
[Site "Nova Gorica"]
[Date "2022.09.17"]
[Round "2.10"]
[White "Sonis, Francesco"]
[Black "Zubova, Mariya"]
[Result "1-0"]
[ECO "E72"]
[WhiteElo "2542"]
[BlackElo "2214"]
[Annotator "ChessBase"]
[PlyCount "83"]
[EventDate "2022.09.16"]
[EventType "swiss"]
[EventCountry "SLO"]
[SourceTitle "playchess.com"]
[Source "ChessBase"]
[SourceQuality "1"]
[TimeControl "5400+30"]

1. d4 Nf6 2. c4 g6 3. g3 Bg7 4. Bg2 c6 5. e4 d6 6. Nc3 O-O 7. Nge2 e5 8. O-O Nbd7 9. Qc2 Qe7 10. Rd1 Rd8 11. h3 b6 12. b3 Bb7 13. Bb2 Nf8 14. a4 exd4 15. Nxd4 c5 16. Ndb5 Ne6 17. Nd5 Nxd5 18. exd5 Bxb2 19. Qxb2 Ng7 20. Re1 Qf8 21. g4 a6 22. Nc3 f5 23. b4 Bc8 24. g5 Nh5 25. a5 cxb4 26. Qxb4 bxa5 27. Qxa5 Ra7 28. Ne2 Re7 29. Bf3 Rde8 30. h4 f4 31. Nd4 Ng7 32. Rxe7 Qxe7 33. Qd2 Rf8 34. Re1 Qf7 35. Nc6 Re8 36. c5 dxc5 37. d6 Rxe1+ 38. Qxe1 Nf5 39. Ne7+ Nxe7 40. dxe7 Be6 41. Bd5 Qxe7 42. Bxe6+ 1-0

[Event "26th Hit Open-A 2022"]
[Site "Nova Gorica"]
[Date "2022.09.17"]
[Round "2.11"]
[White "Mostbauer, Florian"]
[Black "Davies, Nigel R"]
[Result "0-1"]
[ECO "D37"]
[WhiteElo "2295"]
[BlackElo "2420"]
[Annotator "ChessBase"]
[PlyCount "54"]
[EventDate "2022.09.16"]
[EventType "swiss"]
[EventCountry "SLO"]
[SourceTitle "playchess.com"]
[Source "ChessBase"]
[SourceQuality "1"]
[TimeControl "5400+30"]

1. c4 e6 2. Nf3 Nf6 3. Nc3 d5 4. e3 Nbd7 5. d4 a6 6. a3 g6 7. Bd3 Bg7 8. O-O O-O 9. Qe2 dxc4 10. Bxc4 b5 11. Ba2 c5 12. Rd1 Qc7 13. Bd2 cxd4 14. exd4 Bb7 15. Rac1 Qd6 16. g3 Rfe8 17. Bf4 Qc6 18. d5 exd5 19. Qd2 Nb6 20. Nd4 Qd7 21. Ncxb5 Nc4 22. Bxc4 dxc4 23. Nd6 Ne4 24. Qb4 Nxd6 25. Qxd6 Qh3 26. f3 Bxd4+ 27. Qxd4 Re2 0-1

[Event "26th Hit Open-A 2022"]
[Site "Nova Gorica"]
[Date "2022.09.17"]
[Round "2.12"]
[White "Schreiner, Peter"]
[Black "Marchesich, Giovanni"]
[Result "1-0"]
[ECO "D02"]
[WhiteElo "2405"]
[BlackElo "2189"]
[Annotator "ChessBase"]
[PlyCount "137"]
[EventDate "2022.09.16"]
[EventType "swiss"]
[EventCountry "SLO"]
[SourceTitle "playchess.com"]
[Source "ChessBase"]
[SourceQuality "1"]
[TimeControl "5400+30"]

1. Nf3 Nf6 2. g3 g6 3. Bg2 Bg7 4. O-O O-O 5. d4 d5 6. c3 Nbd7 7. a4 a5 8. Bf4 Nh5 9. Bg5 f6 10. Bd2 Nb6 11. Na3 Be6 12. Re1 f5 13. b3 Nf6 14. Bf4 c6 15. Rc1 Ne4 16. Be5 Bh6 17. e3 g5 18. c4 Nd7 19. cxd5 Bxd5 20. Nc4 g4 21. Nh4 Ng5 22. Bf4 Bxg2 23. Kxg2 b5 24. Ne5 Nxe5 25. dxe5 bxa4 26. Qxd8 Raxd8 27. bxa4 Rd2 28. Red1 Ra2 29. Rf1 e6 30. Rxc6 Rb8 31. Bxg5 Bxg5 32. Rxe6 Bxh4 33. gxh4 Rxa4 34. Rf6 Rf8 35. Rd1 Rxf6 36. exf6 Kf7 37. Rd7+ Kxf6 38. Rxh7 f4 39. exf4 Rxf4 40. Ra7 Ra4 41. h3 gxh3+ 42. Kxh3 Ra1 43. Kg4 a4 44. Ra6+ Kg7 45. f4 a3 46. Kg5 Rg1+ 47. Kf5 Ra1 48. Kg5 Rg1+ 49. Kf5 Ra1 50. h5 a2 51. Rg6+ Kh7 52. Rg2 Kh6 53. Rf2 Kg7 54. Rg2+ Kh6 55. Kg4 Kg7 56. Kg5 Kh7 57. h6 Kh8 58. Kg6 Kg8 59. f5 Kh8 60. f6 Re1 61. Rxa2 Rg1+ 62. Kf7 Kh7 63. Ra6 Kxh6 64. Ke7 Rf1 65. Ra2 Kg6 66. Rg2+ Kh6 67. Kf7 Rf3 68. Rh2+ Kg5 69. Kg7 1-0

[Event "26th Hit Open-A 2022"]
[Site "Nova Gorica"]
[Date "2022.09.17"]
[Round "2.13"]
[White "Chkhaidze, Nikoloz"]
[Black "Fercec, Nenad"]
[Result "0-1"]
[ECO "E16"]
[WhiteElo "2239"]
[BlackElo "2403"]
[Annotator "ChessBase"]
[PlyCount "96"]
[EventDate "2022.09.16"]
[EventType "swiss"]
[EventCountry "SLO"]
[SourceTitle "playchess.com"]
[Source "ChessBase"]
[SourceQuality "1"]
[TimeControl "5400+30"]

1. d4 Nf6 2. c4 e6 3. Nf3 b6 4. g3 Bb7 5. Bg2 g6 6. Nc3 Bg7 7. d5 exd5 8. cxd5 O-O 9. Nd4 a6 10. a4 c5 11. Nc2 d6 12. O-O Nbd7 13. h3 Ne8 14. Bf4 Ne5 15. Qc1 Bh8 16. Bh6 Ng7 17. Ne4 f6 18. g4 Nf7 19. Bf4 f5 20. Ng3 fxg4 21. hxg4 Bc8 22. f3 Ne8 23. e4 Bd7 24. Ne2 b5 25. axb5 Bxb5 26. Rf2 Ne5 27. Ne1 Bxe2 28. Rxe2 Qh4 29. Ra3 Bf6 30. Nd3 Nxd3 31. Rxd3 Bd4+ 32. Rxd4 cxd4 33. e5 d3 34. Rf2 dxe5 35. Bxe5 Nf6 36. d6 Rac8 37. Qe3 h5 38. Qxd3 Kh7 39. Bf1 Nxg4 40. Bd4 Qg3+ 41. Rg2 Qxf3 42. Bc3 Qf7 43. Be2 Qa7+ 44. Bd4 Rc1+ 45. Bd1 Qd7 46. Bc3 Qb5 47. Rd2 Qxd3 48. Rxd3 Nf2 0-1

[Event "26th Hit Open-A 2022"]
[Site "Nova Gorica"]
[Date "2022.09.17"]
[Round "2.14"]
[White "Thavandiran, Shiyam"]
[Black "Goroshkov, Maksym"]
[Result "1-0"]
[ECO "C42"]
[WhiteElo "2363"]
[BlackElo "2315"]
[Annotator "ChessBase"]
[PlyCount "117"]
[EventDate "2022.09.16"]
[EventType "swiss"]
[EventCountry "SLO"]
[SourceTitle "playchess.com"]
[Source "ChessBase"]
[SourceQuality "1"]
[TimeControl "5400+30"]

1. e4 e5 2. Nf3 Nc6 3. Nc3 Nf6 4. h3 d6 5. d4 exd4 6. Nxd4 Be7 7. Nde2 O-O 8. g4 Be6 9. Nf4 Nd7 10. Bg2 Bc4 11. Nfd5 Bf6 12. Nxf6+ Qxf6 13. Be3 Nc5 14. Qd2 Ne6 15. g5 Qd8 16. b3 Ba6 17. Nd5 Ne7 18. O-O-O Nxd5 19. exd5 Nc5 20. Bd4 Re8 21. h4 Nd7 22. Bh3 Ne5 23. Bb2 Re7 24. Qd4 Qf8 25. Qc3 Be2 26. Rde1 Rae8 27. f4 Nf3 28. Rxe2 Rxe2 29. Qxf3 R8e3 30. Qg4 Qe8 31. Qc8 Re1+ 32. Rxe1 Rxe1+ 33. Kd2 Re2+ 34. Kd1 Re1+ 35. Kd2 Re2+ 36. Kd3 Re3+ 37. Kd4 Re4+ 38. Kc3 Qxc8 39. Bxc8 b6 40. Bc1 Re1 41. Bd2 Rh1 42. Bf5 Rxh4 43. Kb4 Rh2 44. Be3 Re2 45. Bd4 Rd2 46. Bd3 h5 47. gxh6 gxh6 48. Kb5 h5 49. Bf6 Rf2 50. f5 Rf4 51. Kc6 h4 52. Bxh4 Rxh4 53. Kxc7 Kg7 54. Kxd6 Kf6 55. Kc7 Rd4 56. d6 Rd5 57. b4 Rd4 58. d7 Ke7 59. f6+ 1-0

[Event "26th Hit Open-A 2022"]
[Site "Nova Gorica"]
[Date "2022.09.17"]
[Round "2.15"]
[White "Bauer, Thomas"]
[Black "Brilej, Jaka"]
[Result "0-1"]
[ECO "B11"]
[WhiteElo "2200"]
[BlackElo "2329"]
[Annotator "ChessBase"]
[PlyCount "74"]
[EventDate "2022.09.16"]
[EventType "swiss"]
[EventCountry "SLO"]
[SourceTitle "playchess.com"]
[Source "ChessBase"]
[SourceQuality "1"]
[TimeControl "5400+30"]

1. e4 c6 2. Nc3 d5 3. Nf3 Bg4 4. d4 e6 5. h3 Bxf3 6. gxf3 Nf6 7. Qd3 Na6 8. Be3 Qa5 9. a3 O-O-O 10. Qd1 dxe4 11. b4 Qf5 12. Rg1 Nc7 13. Rg5 Qxf3 14. Qd2 Nfd5 15. Bg2 Qf6 16. Nxe4 Qe7 17. c4 Nxe3 18. Qxe3 f5 19. Nc5 Qf6 20. Nxb7 Kxb7 21. Rd1 Bd6 22. f4 h6 23. Rg3 g5 24. Qf3 Nd5 25. cxd5 exd5 26. Qb3 Bxf4 27. Rc3 Rhe8+ 28. Kf1 Qe6 29. Rc2 a6 30. Bf3 g4 31. Be2 Qe4 32. Bxa6+ Kb6 33. Rxc6+ Kxc6 34. Qc3+ Kd6 35. Qc5+ Ke6 36. Re1 Be3 37. Ke2 Bxd4+ 0-1